CAL (WIN)
MODESTO NUTS @ RANCHO CUCAMONGA QUAKES
12/12/2045
 
TOP OF THE 1ST
Modesto Nuts batting - Pitching for Rancho Cucamonga Quakes : RHP Steve Mintz
Pitching: RHP Steve Mintz
Batting: SHB Bobby Santor 0-0: Called Strike
0-1: Ball
1-1: Ball
2-1: SOLO HOME RUN (Flyball, 9D, EV 93.1 MPH), Distance : 367 ft
Batting: LHB Zack Guillen 0-0: Swinging Strike
0-1: Ball
1-1: Ball
2-1: Foul Ball, location: 2F
2-2: Ball
3-2: Strikes out looking
Batting: RHB Henry Alvizo 0-0: Ball
1-0: Swinging Strike
1-1: Ball
2-1: Swinging Strike
2-2: Ball
3-2: Base on Balls
Batting: RHB Andy Solorzano 0-0: Swinging Strike
0-1: Ball
Henry Alvizo steals 2nd base
1-1: Ball
2-1: Ball
3-1: Foul Ball, location: 2F
3-2: Base on Balls
Batting: RHB Matt Robert 0-0: Foul Ball, location: 2F
0-1: Ball
1-1: Foul Ball, location: 2F
1-2: Ball
2-2: Ball
3-2: Foul Ball, location: 2F
3-2: Strikes out looking
Batting: RHB Craig Gomez 0-0: Ball
1-0: Ball
2-0: Called Strike
2-1: Foul Ball, location: 2F
2-2: Foul Ball, location: 2F
2-2: Ball
3-2: Ground out 6-3 (Groundball, 6, EV 90.6 MPH)
Top of the 1st over - 1 run, 1 hit, 0 errors, 2 left on base; Modesto 1 - Rancho Cucamonga 0
BOTTOM OF THE 1ST
Rancho Cucamonga Quakes batting - Pitching for Modesto Nuts : RHP Jose Godreau
Pitching: RHP Jose Godreau
Batting: LHB Jay Fenderson 0-0: Ball
1-0: Ball
2-0: Ball
3-0: Called Strike
3-1: Reached on error, E6 (Groundball, 6M, EV 85.6 MPH)
Pitching: RHP Alberto Cordovi
Batting: SHB Xavier Alaniz 0-0: Ball
1-0: 2-RUN HOME RUN (Line Drive, 9D, EV 99.4 MPH), Distance : 372 ft
Batting: RHB John Piccolo 0-0: Foul Ball, location: 2F
0-1: Ball
1-1: Foul Ball, location: 2F
1-2: Strikes out swinging
Batting: LHB Kevin Wiebe 0-0: Called Strike
0-1: Ball
1-1: Foul Ball, location: 2F
1-2: DOUBLE (Flyball, 9LD, EV 105.6 MPH)
Batting: LHB Antonio Luis 0-0: Ground out U3 (Groundball, 3L, EV 89.4 MPH)
Kevin Wiebe to third
Batting: RHB Roberto Monzon 0-0: Swinging Strike
0-1: Ball
1-1: Called Strike
1-2: Strikes out looking
Bottom of the 1st over - 2 runs, 2 hits, 1 error, 1 left on base; Modesto 1 - Rancho Cucamonga 2
TOP OF THE 2ND
Modesto Nuts batting - Pitching for Rancho Cucamonga Quakes : RHP Steve Mintz
Batting: LHB Joe Miller 0-0: Ball
1-0: Swinging Strike
1-1: Ball
2-1: Foul Ball, location: 2F
2-2: Foul Ball, location: 2F
2-2: Foul Ball, location: 2F
2-2: Ball
3-2: Strikes out looking
Batting: RHB Steve Waltenbery 0-0: Called Strike
0-1: Ball
1-1: Called Strike
1-2: Ball
2-2: Foul Ball, location: 2F
2-2: SINGLE (Line Drive, 5D, EV 104.4 MPH)
Batting: RHB Yamashita Yagi 0-0: Ball
1-0: Ball
2-0: Called Strike
2-1: Swinging Strike
2-2: Ball
Pickoff Throw to First - Error! E1
Steve Waltenbery to second
3-2: Ground out 5-3 (Groundball, 56S, EV 93.1 MPH)
Batting: SHB Bobby Santor 0-0: Ball
1-0: Ball
2-0: Ground out 4-3 (Groundball, 4S, EV 78.8 MPH)
Top of the 2nd over - 0 runs, 1 hit, 1 error, 1 left on base; Modesto 1 - Rancho Cucamonga 2
BOTTOM OF THE 2ND
Rancho Cucamonga Quakes batting - Pitching for Modesto Nuts : RHP Alberto Cordovi
Batting: RHB Kevin Ezell 0-0: Called Strike
0-1: Ball
1-1: Fly out, F8 (Flyball, 8RD, EV 93.8 MPH)
Batting: RHB Phil Knox 0-0: Called Strike
0-1: Swinging Strike
0-2: Ball
1-2: Ball
2-2: Foul Ball, location: 2F
2-2: Foul Ball, location: 2F
2-2: Strikes out swinging
Batting: LHB Fernando Amaya 0-0: Fly out, F7 (Flyball, 78M, EV 86.2 MPH)
Bottom of the 2nd over - 0 runs, 0 hits, 0 errors, 0 left on base; Modesto 1 - Rancho Cucamonga 2
TOP OF THE 3RD
Modesto Nuts batting - Pitching for Rancho Cucamonga Quakes : RHP Steve Mintz
Batting: LHB Zack Guillen 0-0: Foul Ball, location: 2F
0-1: Fly out, F6 (Popup, 6MS, EV 64.4 MPH)
Batting: RHB Henry Alvizo 0-0: Called Strike
0-1: Ball
1-1: Called Strike
1-2: Ball
2-2: Fly out, F8 (Flyball, 8RD, EV 78.8 MPH)
Batting: RHB Andy Solorzano 0-0: Called Strike
0-1: Swinging Strike
0-2: Strikes out looking
Top of the 3rd over - 0 runs, 0 hits, 0 errors, 0 left on base; Modesto 1 - Rancho Cucamonga 2
BOTTOM OF THE 3RD
Rancho Cucamonga Quakes batting - Pitching for Modesto Nuts : RHP Alberto Cordovi
Batting: LHB Jay Fenderson 0-0: Ball
1-0: Called Strike
1-1: Foul Ball, location: 7LSF, Error on foul ball, E7
1-2: Foul Ball, location: 2F
1-2: DOUBLE (Line Drive, 78D, EV 112.5 MPH)
Batting: SHB Xavier Alaniz 0-0: Ball
1-0: Ball
2-0: Foul Ball, location: 2F
2-1: Swinging Strike
2-2: DOUBLE (Flyball, 8LXD, EV 98.8 MPH)
Jay Fenderson scores
Batting: RHB John Piccolo 0-0: Ball
1-0: Ball
Wild Pitch!
Xavier Alaniz to third
2-0: Ball
3-0: Fly out, F9 (Flyball, 9, EV 95.0 MPH)
Runner from 3rd tags up, OUT at HOME! 9-2
Batting: LHB Kevin Wiebe 0-0: Fly out, F7 (Flyball, 7D, EV 93.8 MPH)
Bottom of the 3rd over - 1 run, 2 hits, 1 error, 0 left on base; Modesto 1 - Rancho Cucamonga 3
TOP OF THE 4TH
Modesto Nuts batting - Pitching for Rancho Cucamonga Quakes : RHP Steve Mintz
Batting: RHB Matt Robert 0-0: Ball
1-0: Ball
2-0: Called Strike
2-1: Called Strike
2-2: DOUBLE (Flyball, 89XD, EV 108.1 MPH)
Batting: RHB Craig Gomez 0-0: Swinging Strike
0-1: Swinging Strike
0-2: Foul Ball, location: 2F
0-2: Ball
1-2: Ball
2-2: Ball
3-2: Strikes out swinging
Batting: LHB Joe Miller 0-0: Called Strike
0-1: Swinging Strike
0-2: Ball
1-2: Ball
2-2: Ball
3-2: Strikes out swinging
Pitching: RHP Juan Isidro
Batting: RHB Steve Waltenbery 0-0: Foul Ball, location: 2F
0-1: Ball
1-1: Foul Ball, location: 2F
1-2: Ground out 4-3 (Groundball, 4, EV 88.8 MPH)
Top of the 4th over - 0 runs, 1 hit, 0 errors, 1 left on base; Modesto 1 - Rancho Cucamonga 3
BOTTOM OF THE 4TH
Rancho Cucamonga Quakes batting - Pitching for Modesto Nuts : RHP Alberto Cordovi
Batting: LHB Antonio Luis 0-0: Ball
1-0: Fly out, F8 (Flyball, 8LS, EV 76.2 MPH)
Batting: RHB Roberto Monzon 0-0: Swinging Strike
0-1: Swinging Strike
0-2: Ball
1-2: Foul Ball, location: 2F
1-2: Ball
2-2: Foul Ball, location: 2F
2-2: Fly out, F7 (Flyball, 78D, EV 87.5 MPH)
Batting: RHB Kevin Ezell 0-0: Called Strike
0-1: Called Strike
0-2: Ball
1-2: Ball
2-2: Strikes out swinging
Bottom of the 4th over - 0 runs, 0 hits, 0 errors, 0 left on base; Modesto 1 - Rancho Cucamonga 3
TOP OF THE 5TH
Modesto Nuts batting - Pitching for Rancho Cucamonga Quakes : RHP Juan Isidro
Batting: RHB Yamashita Yagi 0-0: Called Strike
0-1: Foul Ball, location: 2F
0-2: Strikes out looking
Batting: SHB Bobby Santor 0-0: Ball
1-0: Foul Ball, location: 2F
1-1: Ball
2-1: Foul Ball, location: 2F
2-2: Foul Ball, location: 2F
2-2: Ball
3-2: Foul Ball, location: 2F
3-2: Fly out, F7 (Flyball, 7LS, EV 86.9 MPH)
Batting: LHB Zack Guillen 0-0: Ball
1-0: Ball
2-0: Foul Ball, location: 2F
2-1: Foul Ball, location: 2F
2-2: Strikes out swinging
Top of the 5th over - 0 runs, 0 hits, 0 errors, 0 left on base; Modesto 1 - Rancho Cucamonga 3
BOTTOM OF THE 5TH
Rancho Cucamonga Quakes batting - Pitching for Modesto Nuts : RHP Alberto Cordovi
Batting: RHB Phil Knox 0-0: Ball
1-0: Ball
2-0: Ball
3-0: Called Strike
3-1: Fly out, F9 (Line Drive, 9LM, EV 86.2 MPH)
Batting: LHB Fernando Amaya 0-0: Foul Ball, location: 2F
0-1: SOLO HOME RUN (Flyball, 9D, EV 98.1 MPH), Distance : 371 ft
Pitching: RHP Jeremy Richards
Batting: LHB Jay Fenderson 0-0: Ball
1-0: Ball
2-0: Called Strike
2-1: Called Strike
2-2: SINGLE (Groundball, 34D, EV 103.1 MPH)
Batting: SHB Xavier Alaniz 0-0: Called Strike
0-1: Called Strike
0-2: Ball
1-2: Ball
2-2: Ball
Wild Pitch!
Jay Fenderson to second
3-2: Ground out 4-3 (Groundball, 4, EV 100.6 MPH)
Jay Fenderson to third
Batting: RHB John Piccolo 0-0: Ball
1-0: Ball
2-0: Ball
3-0: Called Strike
3-1: Swinging Strike
3-2: Strikes out swinging
Bottom of the 5th over - 1 run, 2 hits, 0 errors, 1 left on base; Modesto 1 - Rancho Cucamonga 4
TOP OF THE 6TH
Modesto Nuts batting - Pitching for Rancho Cucamonga Quakes : RHP Juan Isidro
Batting: RHB Henry Alvizo 0-0: Ball
1-0: Ball
2-0: Called Strike
2-1: Ball
3-1: Called Strike
3-2: Base on Balls
Batting: RHB Andy Solorzano 0-0: Foul Ball, location: 2F
0-1: Foul Ball, location: 2F
0-2: Ball
1-2: Ball
2-2: Foul Ball, location: 2F
2-2: Fly out, F8 (Flyball, 8LD, EV 78.8 MPH)
Batting: RHB Matt Robert 0-0: Called Strike
0-1: TRIPLE (Flyball, 78XD, EV 112.5 MPH)
Henry Alvizo scores
Pitching: RHP Danny Roe
Batting: RHB Craig Gomez 0-0: Foul Ball, location: 2F
0-1: Ball
1-1: Foul Ball, location: 2F
1-2: Foul Ball, location: 2F
1-2: Ball
2-2: Strikes out swinging
Batting: LHB Joe Miller 0-0: Foul Ball, location: 2F
0-1: Swinging Strike
0-2: Ball
1-2: Strikes out swinging, 2-3 out at first.
Top of the 6th over - 1 run, 1 hit, 0 errors, 1 left on base; Modesto 2 - Rancho Cucamonga 4
BOTTOM OF THE 6TH
Rancho Cucamonga Quakes batting - Pitching for Modesto Nuts : RHP Jeremy Richards
Batting: LHB Kevin Wiebe 0-0: Called Strike
0-1: Ball
1-1: Fly out, F3 (Popup, 34, EV 77.5 MPH)
Batting: LHB Antonio Luis 0-0: Ball
1-0: SINGLE (Line Drive, 6D, EV 96.2 MPH)
Batting: RHB Roberto Monzon 0-0: Foul Ball, location: 2F
0-1: Called Strike
0-2: Ball
1-2: Strikes out swinging
Batting: RHB Kevin Ezell 0-0: Ball
1-0: Ball
2-0: Called Strike
2-1: Ball
3-1: Fielders Choice at 2nd, U6 (Groundball, 6M, EV 106.2 MPH)
Bottom of the 6th over - 0 runs, 1 hit, 0 errors, 1 left on base; Modesto 2 - Rancho Cucamonga 4
TOP OF THE 7TH
Modesto Nuts batting - Pitching for Rancho Cucamonga Quakes : RHP Danny Roe
Pitching: LHP Bill Esten
Now in CF: Nick Massengale
Batting: RHB Steve Waltenbery 0-0: Ball
1-0: Ball
2-0: Called Strike
2-1: Foul Ball, location: 2F
2-2: Foul Ball, location: 2F
2-2: Ball
3-2: SINGLE (Groundball, 34D, EV 94.4 MPH)
Batting: RHB Yamashita Yagi 0-0: Ball
1-0: Called Strike
Steve Waltenbery steals 2nd base (no throw)
1-1: Ball
2-1: Called Strike
2-2: Foul Ball, location: 2F
2-2: Ball
3-2: Ground out 1-3 (Groundball, 13S, EV 66.9 MPH)
Steve Waltenbery to third
Batting: SHB Bobby Santor 0-0: Ball
1-0: Swinging Strike
1-1: Ball
2-1: Ball
3-1: Called Strike
3-2: Base on Balls
Pitching: RHP Angel Rivas
Batting: LHB Zack Guillen 0-0: 3-RUN HOME RUN (Flyball, 9LD, EV 95.0 MPH), Distance : 350 ft
Batting: RHB Henry Alvizo 0-0: Foul Ball, location: 2F
0-1: Ball
1-1: Fly out, F9 (Flyball, 9S, EV 83.1 MPH)
Batting: RHB Andy Solorzano 0-0: Ball
1-0: Called Strike
1-1: Foul Ball, location: 2F
1-2: Ball
2-2: Foul Ball, location: 2F
2-2: Strikes out looking
Top of the 7th over - 3 runs, 2 hits, 0 errors, 0 left on base; Modesto 5 - Rancho Cucamonga 4
BOTTOM OF THE 7TH
Rancho Cucamonga Quakes batting - Pitching for Modesto Nuts : RHP Jeremy Richards
Pitching: LHP Ryan Morlan
Batting: RHB Phil Knox 0-0: Called Strike
0-1: Ball
1-1: Fly out, F7 (Flyball, 78M, EV 90.6 MPH)
Batting: LHB Fernando Amaya 0-0: Ball
1-0: Ball
2-0: Ball
3-0: Base on Balls
Batting: LHB Jay Fenderson 0-0: Ball
1-0: Ball
2-0: Ball
3-0: Called Strike
3-1: SINGLE (Groundball, 6M, EV 89.4 MPH) (infield hit)
Fernando Amaya to second
Batting: SHB Xavier Alaniz 0-0: Ball
1-0: Called Strike
1-1: Ball
2-1: Ball
3-1: Called Strike
3-2: Strikes out swinging
Batting: RHB John Piccolo 0-0: Ball
1-0: Fly out, F7 (Flyball, 7D, EV 88.8 MPH)
Bottom of the 7th over - 0 runs, 1 hit, 0 errors, 2 left on base; Modesto 5 - Rancho Cucamonga 4
TOP OF THE 8TH
Modesto Nuts batting - Pitching for Rancho Cucamonga Quakes : RHP Angel Rivas
Pitching: RHP Seved Landgre
Batting: RHB Matt Robert 0-0: Swinging Strike
0-1: Called Strike
0-2: Foul Ball, location: 2F
0-2: Ball
1-2: Foul Ball, location: 2F
1-2: Ball
2-2: Ball
3-2: Base on Balls
Batting: RHB Craig Gomez 0-0: Foul Ball, location: 2F
0-1: Swinging Strike
0-2: Ball
1-2: Foul Ball, location: 2F
1-2: Ball
Matt Robert steals 2nd base
2-2: Ground out 5-3 (Groundball, 56, EV 105.0 MPH)
Batting: LHB Joe Miller 0-0: Intentional Walk
Batting: RHB Steve Waltenbery 0-0: Called Strike
0-1: Fielders Choice at 2nd, 1-6 (Groundball, 13, EV 68.1 MPH)
Matt Robert to third
Pinch Hitting: LHB Roy Riess 0-0: Ball
1-0: Foul Ball, location: 2F
1-1: Swinging Strike
1-2: Foul Ball, location: 2F
1-2: Ball
2-2: Strikes out looking
Top of the 8th over - 0 runs, 0 hits, 0 errors, 2 left on base; Modesto 5 - Rancho Cucamonga 4
BOTTOM OF THE 8TH
Rancho Cucamonga Quakes batting - Pitching for Modesto Nuts : LHP Ryan Morlan
Pitching: RHP Mike Clark
Now at C: Chris Kinder
Batting: LHB Kevin Wiebe 0-0: Called Strike
0-1: Foul Ball, location: 2F
0-2: Ball
1-2: Ball
2-2: Ball
3-2: Foul Ball, location: 2F
3-2: Foul Ball, location: 2F
3-2: Reached on error, E9 (Flyball, 9, EV 95.0 MPH)
Batting: RHB Nick Massengale 0-0: Swinging Strike
0-1: Foul Ball, location: 2F
0-2: Ball
1-2: Ball
2-2: Strikes out looking
Batting: RHB Roberto Monzon 0-0: Called Strike
0-1: Ball
Wild Pitch!
Kevin Wiebe to second
1-1: Called Strike
1-2: Strikes out swinging
Pinch Hitting: LHB Mike Dickinson 0-0: Ball
1-0: Ball
2-0: Ball
3-0: Called Strike
3-1: Base on Balls
Batting: RHB Phil Knox 0-0: Fielders Choice at 2nd, 5-4 (Groundball, 56, EV 106.2 MPH)
Bottom of the 8th over - 0 runs, 0 hits, 1 error, 2 left on base; Modesto 5 - Rancho Cucamonga 4
TOP OF THE 9TH
Modesto Nuts batting - Pitching for Rancho Cucamonga Quakes : RHP Seved Landgre
Now at C: Charles Blatchford
Batting: SHB Bobby Santor 0-0: DOUBLE (Line Drive, 78XD, EV 100.6 MPH)
Batting: LHB Zack Guillen 0-0: Intentional Walk
Batting: RHB Henry Alvizo 0-0: Ball
1-0: Ball
2-0: Called Strike
2-1: Ball
3-1: DOUBLE (Line Drive, 9LM, EV 105.6 MPH)
Bobby Santor scores
Zack Guillen to third
Runner from 3rd tries for Home, throw by RF and OUT! 9-2
Batting: RHB Andy Solorzano 0-0: Ball
1-0: Swinging Strike
1-1: Called Strike
1-2: 2-RUN HOME RUN (Flyball, 78XD, EV 101.9 MPH), Distance : 403 ft
Pitching: RHP Yuichi Nozawa
Batting: RHB Matt Robert 0-0: Called Strike
0-1: Ball
1-1: Foul Ball, location: 2F
1-2: Foul Ball, location: 2F
1-2: Ball
2-2: Strikes out swinging
Batting: RHB Craig Gomez 0-0: Called Strike
0-1: Swinging Strike
0-2: Ball
1-2: Ball
2-2: Ball
3-2: Fly out, F7 (Flyball, 7S, EV 90.6 MPH)
Top of the 9th over - 3 runs, 3 hits, 0 errors, 0 left on base; Modesto 8 - Rancho Cucamonga 4
BOTTOM OF THE 9TH
Rancho Cucamonga Quakes batting - Pitching for Modesto Nuts : RHP Mike Clark
Pitching: RHP Adrian de la Cerda
Batting: LHB Fernando Amaya 0-0: Foul Ball, location: 2F
0-1: Ball
1-1: Ball
2-1: Swinging Strike
2-2: Ball
3-2: SINGLE (Groundball, 2R, EV 73.1 MPH) (infield hit)
Batting: LHB Jay Fenderson 0-0: Ball
1-0: Fielders Choice at 2nd, 1-6 (Groundball, P, EV 65.6 MPH)
Batting: SHB Xavier Alaniz 0-0: Swinging Strike
0-1: Swinging Strike
0-2: Ball
1-2: Foul Ball, location: 2F
1-2: Foul Ball, location: 2F
1-2: Strikes out swinging
Batting: RHB John Piccolo 0-0: Fielders Choice at 2nd, 6-4 (Groundball, 6, EV 85.0 MPH)
Bottom of the 9th over - 0 runs, 1 hit, 0 errors, 1 left on base; Modesto 8 - Rancho Cucamonga 4
Wednesday, June 22nd , 2022 - OOTP Baseball 23.4 Build 64